 Dungeon Crawl Stone Soup version 0.26-a0-690-gcb57259078 (webtiles) character file.

Game seed: 7447913111872963186

13637 Peloso the Carver (level 11, -2/84 HPs)
             Began as a Demonspawn Fighter on Oct 24, 2020.
             Was the Champion of Okawaru.
             Killed from afar by a gargoyle (21 damage)
             ... with a stone arrow
             ... on level 10 of the Dungeon.
             The game lasted 00:26:45 (9754 turns).

Peloso the Carver (Demonspawn Fighter)              Turns: 9754, Time: 00:26:46

Health: -2/84      AC: 17    Str: 22    XL:     11   Next: 78%
Magic:  11/11      EV: 10    Int: 11    God:    Okawaru [******]
Gold:   284        SH:  0    Dex: 23    Spells: 10/10 levels left

rFire    + + .     SeeInvis .   a - +8 long sword of Copet {vorpal, rPois rN+}
rCold    . . .     Faith    +   c - +0 kite shield
rNeg     + . .     Spirit   .   R - +3 chain mail of Agnosticism {MR- Regen+ Str+2 Dex+4}
rPois    +         Reflect  .   F - +2 hat
rElec    .         Harm     .   Z - scarf {shadows}
rCorr    .         Rampage  .   (no gloves)
MR       .....                  (no boots)
Stlth    ..........             e - amulet of faith
HPRegen  1.04/turn              C - +6 ring of dexterity
MPRegen  0.12/turn              T - ring of wizardry

@: confused, mighty
A: talons 2, slimy green scales 1, clever 1, fire resistance 2, powered by pain
2, regeneration 1, flame cloud immunity
a: Heroism, Finesse, Renounce Religion


You were on level 10 of the Dungeon.
You worshipped Okawaru.
Okawaru was exalted by your worship.
You visited 2 branches of the dungeon, and saw 12 of its levels.
You also visited: Sewer and Ossuary.

You collected 690 gold pieces.
You spent 406 gold pieces at shops.

Inventory:

Hand Weapons
 a - the +8 long sword of Copet (weapon) {vorpal, rPois rN+}
   (You found it on level 5 of the Dungeon)

   It inflicts extra damage upon your enemies.
   It protects you from poison.
   It protects you from negative energy.
 b - a +1 scimitar of flaming
 X - a +2 hand crossbow of freezing
Missiles
 m - 77 bolts
Armour
 c - a +0 kite shield (worn)
 j - a +3 chain mail
 A - a scarf of repulsion
 F - a +2 hat (worn)
 R - the +3 chain mail of Agnosticism (worn) {MR- Regen+ Str+2 Dex+4}
   (You bought it in a shop on level 8 of the Dungeon)

   It affects your strength (+2).
   It affects your dexterity (+4).
   It affects your resistance to hostile enchantments.
   It increases your rate of regeneration.
 U - the +3 hat of Pondering {ponderous, MR+ MP+10 Int+5}
   (You took it off Gastronok on level 9 of the Dungeon)

   It affects your intelligence (+5).
   It affects your resistance to hostile enchantments.
   It affects your magic capacity (+10).
 W - +0 swamp dragon scales
 Z - a scarf of shadows (worn)
Jewellery
 e - an amulet of faith (around neck)
 u - an uncursed amulet of guardian spirit
 C - a +6 ring of dexterity (left hand)
 J - an uncursed ring of see invisible
 S - an uncursed ring of stealth
 T - a ring of wizardry (right hand)
Wands
 y - a wand of random effects (34)
 H - a wand of enslavement (9)
 I - a wand of flame (25)
 K - a wand of polymorph (11)
 M - a wand of paralysis (7)
 O - a wand of digging (10)
Scrolls
 f - 18 scrolls of teleportation
 h - 3 scrolls of magic mapping
 i - 4 scrolls of random uselessness {unknown}
 l - 4 scrolls of enchant weapon {unknown}
 n - 3 scrolls of noise {unknown}
 o - 3 scrolls of identify
 p - 4 scrolls of enchant armour
 q - 2 scrolls of fog {unknown}
 v - 4 scrolls of remove curse {unknown}
 x - 2 scrolls of blinking {unknown}
 z - a scroll of silence
 B - 2 scrolls of amnesia
 N - a scroll of brand weapon {unknown}
 V - a scroll of vulnerability {unknown}
Potions
 d - 3 potions of might
 g - a potion of berserk rage {unknown}
 k - a potion of mutation
 r - 3 potions of curing
 s - a potion of ambrosia
 t - 5 potions of flight
 D - a potion of stabbing
 E - 2 potions of invisibility
 G - a potion of cancellation
 L - 2 potions of heal wounds
 P - 2 potions of resistance {unknown}
 Q - 5 potions of brilliance {unknown}


   Skills:
 + Level 7.4 Fighting
 + Level 11.2 Long Blades
 + Level 7.4 Armour
 + Level 3.9 Dodging
 + Level 1.1 Stealth
 + Level 9.4 Shields
 + Level 0.9 Invocations


You had 10 spell levels left.
You didn't know any spells.
Your spell library was empty.

Dungeon Overview and Level Annotations

Branches:
Dungeon (11/15)            Temple (1/1) D:5            Lair (0/6) D:9
  Sewer (visited)         Ossuary (visited)
    Orc: D:9-12

Altars:
Ashenzari
Cheibriados
Dithmenos
Elyvilon
Fedhas
Gozag
Hepliaklqana
Kikubaaqudgha
Makhleb
Nemelex Xobeh
Okawaru
Qazlal
Ru
Sif Muna
Trog
Uskayaw
Vehumet
Wu Jian
Xom
Yredelemnul
Zin
The Shining One

Shops:
D:4 [(   D:8 [   D:9 (   D:10 *


Innate Abilities, Weirdness & Mutations

You have razor-sharp toenails.
You are partially covered in slimy green scales. (AC +2)
Your flesh is very heat resistant. (rF++)
You sometimes gain power by taking damage.
You are immune to clouds of flame.
Your mind is acute. (Int +2)
Your natural rate of healing is unusually fast.


Message History

* * * LOW HITPOINT WARNING * * *
The gargoyle hits you with a +0 mace!
* * * LOW HITPOINT WARNING * * *
The centaur shoots an arrow.
The arrow barely misses you.
The arrow hits the gargoyle.
You climb upwards.
There is a stone staircase leading down here.
Unknown command.
You are confused.
You feel invigorated.
The gargoyle hurls a stone arrow at you.
The stone arrow hits you!
* * * LOW HITPOINT WARNING * * *
Unknown command.
You hit the gargoyle.
You claw the gargoyle, but do no damage.
The gargoyle is moderately damaged.
The gargoyle hurls a stone arrow at you.
The stone arrow hits you!!
You die...

...##....####..#.....#...........
...##............#####........###
...##......##..#.# #......##..#
...##....#.###.#†###......##..#
...##....#.# #.....+......##..#
...##.####.###..≈###......##..#
...##.#...........##......##..#
...##.......##....##......###.#
...##.#..#......@........####.###
...##.#..#..##...9[..###.........
#'###.#..#..##.......#...####.###
#.###...........#....#.### #.#
#...[....#......#.#..#.# #.#
#####.............#..#.# #.###
####....###......#.######....
#.........................
###...........#.##########


You could see a gargoyle.

Vanquished Creatures
  Gastronok (D:9)
  Josephine (D:10)
  A catoblepas (D:9)
  Erica (D:8)
  An ugly thing (D:10)
  A centaur zombie (D:8)
  Maggie (D:9)
  2 komodo dragons
  4 trolls
  A hornet (D:10)
  6 wraiths
  9 yaks
  A wyvern (D:9)
  An orc warrior (D:8)
  A water moccasin (D:7)
  6 sky beasts
  3 ice beasts
  2 phantoms
  4 black bears
  2 centaurs
  2 ogres
  2 big kobolds (D:9)
  14 bullfrogs
  A wyvern skeleton (D:9)
  4 scorpions
  15 wights
  5 howler monkeys (D:7)
  A jelly (D:10)
  5 hounds
  A centaur skeleton (D:8)
  2 orc priests
  A bullfrog skeleton (D:9)
  6 orc wizards
  An iguana (D:7)
  6 worker ants
  4 hound skeletons
  A mummy (D:8)
  A howler monkey skeleton (D:5)
  8 gnolls
  16 adders
  2 shadow imps
  2 white imps
  2 ufetubi (D:8)
  2 oozes (Sewer)
  3 adder zombies
  2 adder skeletons
  6 worms
  2 dart slugs
  10 leopard geckos
  28 orcs
  17 bats
  4 giant cockroaches
  6 goblins
  5 hobgoblins
  13 jackals
  17 kobolds
  5 quokkas
  2 ball pythons
  A ball python skeleton (Ossuary)
  12 frilled lizards
  A goblin skeleton (D:6)
  2 goblin zombies (D:6)
  2 hobgoblin skeletons (Ossuary)
  3 hobgoblin zombies (Ossuary)
  A kobold skeleton (D:6)
  2 kobold zombies
  An orc skeleton (D:6)
  An orc zombie (D:6)
  6 rats
305 creatures vanquished.

Vanquished Creatures (others)
  13 fungi (D:9)
  9 plants (D:9)
22 creatures vanquished.

Grand Total: 327 creatures vanquished

Notes
Turn   | Place    | Note
-------+----------+-------------------------------------------
     0 | D:1      | Peloso the Demonspawn Fighter began the quest for the Orb.
     0 | D:1      | Reached XP level 1. HP: 18/18 MP: 1/1
   253 | D:1      | Gained mutation: Your flesh is heat resistant. (rF+)
                  | [demonic ancestry]
   253 | D:1      | Reached XP level 2. HP: 22/24 MP: 2/2
   643 | D:1      | Reached skill level 2 in Long Blades
   995 | D:1      | Gained mutation: Your mind is acute. (Int +2) [potion of
                  | mutation]
   995 | D:1      | Gained mutation: Your natural rate of healing is unusually
                  | fast. [potion of mutation]
   995 | D:1      | Gained mutation: Your flesh is very heat resistant. (rF++)
                  | [potion of mutation]
  1054 | D:1      | Gained mutation: You have sharp toenails. [demonic
                  | ancestry]
  1054 | D:1      | Reached XP level 3. HP: 22/29 MP: 3/3
  1330 | D:2      | Gained mutation: You have razor-sharp toenails. [demonic
                  | ancestry]
  1330 | D:2      | Reached XP level 4. HP: 33/35 MP: 4/4
  1487 | D:2      | Reached skill level 1 in Dodging
  1873 | D:3      | Reached XP level 5. HP: 38/41 MP: 5/5
  1874 | D:3      | Reached skill level 3 in Long Blades
  2656 | D:4      | Noticed an ogre
  2674 | D:4      | Killed an ogre
  2674 | D:4      | Gained mutation: You sometimes gain a little power by
                  | taking damage. [demonic ancestry]
  2674 | D:4      | Reached XP level 6. HP: 38/48 MP: 6/6
  2681 | D:4      | Reached skill level 4 in Long Blades
  3150 | D:4      | Found Hacathro's Antique Weapon Shop.
  3274 | D:4      | Found Fanob's Antique Armour Emporium.
  3312 | D:4      | Gained mutation: You sometimes gain power by taking damage.
                  | [demonic ancestry]
  3312 | D:4      | Reached XP level 7. HP: 53/53 MP: 7/7
  3393 | D:5      | Entered Level 5 of the Dungeon
  3509 | D:5      | Got a twisted long sword
  3510 | D:5      | Identified the +8 long sword of Copet {vorpal, rPois rN+}
                  | (You found it on level 5 of the Dungeon)
  3553 | D:5      | Found a staircase to the Ecumenical Temple.
  3608 | Temple   | Entered the Ecumenical Temple
  3900 | D:5      | Reached skill level 5 in Long Blades
  4134 | D:5      | Reached XP level 8. HP: 43/60 MP: 8/8
  4192 | D:5      | Reached skill level 5 in Shields
  4467 | D:6      | Found a glowing drain.
  4471 | Sewer    | Entered a sewer
  5091 | D:6      | Found a glowing golden altar of the Shining One.
  5277 | D:6      | Reached skill level 6 in Long Blades
  5539 | D:6      | Found a sparkling altar of Nemelex Xobeh.
  5759 | D:6      | Found a shadowy altar of Dithmenos.
  5828 | D:7      | Reached skill level 5 in Armour
  5871 | D:7      | Reached skill level 7 in Long Blades
  5895 | D:7      | Gained mutation: You are immune to clouds of flame.
                  | [demonic ancestry]
  5895 | D:7      | Reached XP level 9. HP: 66/66 MP: 9/9
  6008 | D:7      | Reached skill level 5 in Fighting
  6109 | D:7      | Found an ancient bone altar of Kikubaaqudgha.
  6116 | D:7      | Found an iron altar of Okawaru.
  6120 | D:7      | Became a worshipper of Warmaster Okawaru
  6127 | D:7      | Found a glowing golden altar of the Shining One.
  6134 | D:7      | Found a white marble altar of Elyvilon.
  6139 | D:7      | Found a shimmering blue altar of Sif Muna.
  6150 | D:7      | Found a broken altar of Ashenzari.
  6157 | D:7      | Found a radiant altar of Vehumet.
  6547 | D:7      | Reached skill level 8 in Long Blades
  6784 | D:8      | Found a sand-covered staircase.
  6791 | Ossuary  | Entered an ossuary
  7006 | Ossuary  | Reached * piety under Okawaru
  7078 | D:8      | Reached skill level 1 in Stealth
  7128 | D:8      | Reached XP level 10. HP: 47/76 MP: 10/10
  7275 | D:8      | Noticed Erica
  7294 | D:8      | Killed Erica
  7294 | D:8      | Reached ** piety under Okawaru
  7294 | D:8      | Reached skill level 9 in Long Blades
  7417 | D:8      | Found Zugeif's Antique Armour Boutique.
  7420 | D:8      | Bought a faintly humming chain mail for 228 gold pieces
  7434 | D:8      | Identified the +3 chain mail of Agnosticism {MR- Regen+
                  | Str+2 Dex+4} (You bought it in a shop on level 8 of the
                  | Dungeon)
  7814 | D:9      | Reached *** piety under Okawaru
  7940 | D:9      | Noticed Gastronok
  8044 | D:9      | Killed Gastronok
  8044 | D:9      | Reached **** piety under Okawaru
  8044 | D:9      | Reached ***** piety under Okawaru
  8044 | D:9      | Reached skill level 10 in Long Blades
  8070 | D:9      | Found a staircase to the Lair.
  8090 | D:9      | Gained mutation: You are partially covered in slimy green
                  | scales. (AC +2) [demonic ancestry]
  8090 | D:9      | Reached XP level 11. HP: 80/83 MP: 11/11
  8356 | D:9      | Noticed a catoblepas
  8375 | D:9      | Killed a catoblepas
  8437 | D:9      | Noticed Maggie
  8452 | D:9      | Killed Maggie
  8605 | D:9      | Found Zafunuix's Antique Weapon Shoppe.
  8629 | D:9      | Received a gift from Okawaru
  8680 | D:9      | Found a hide-covered altar of Uskayaw.
  8680 | D:9      | Found a basalt altar of Yredelemnul.
  8680 | D:9      | Found a glowing silver altar of Zin.
  8787 | D:10     | Entered Level 10 of the Dungeon
  9012 | D:10     | Noticed Josephine
  9035 | D:10     | Killed Josephine
  9184 | D:10     | Reached skill level 11 in Long Blades
  9312 | D:10     | Found Hooxt's Assorted Antiques.
  9317 | D:10     | Bought a viscous silvery potion for 18 gold pieces
  9317 | D:10     | Bought a wand of digging (6) for 160 gold pieces
  9375 | D:10     | Noticed a white ugly thing
  9381 | D:10     | Killed a white ugly thing
  9381 | D:10     | Reached ****** piety under Okawaru
  9381 | D:10     | Received a gift from Okawaru
  9754 | D:10     | Killed from afar by a gargoyle

Illustrated notes

Levels and vault maps discovered:
D:1:      heliophobic_arrival_dark_side_of_the_moon, layout_loops_corners,
          minmay_hexomino_u4
D:2:      layout_rooms, st_stairs_9, minmay_splitting_lines, minmay_crystal_room
D:3:      layout_loops_corners
D:4:      layout_basic, serial_shops, shop_fountains, shop,
          kennysheep_cluttered_room
D:5:      layout_gridville, minmay_temple_entry_statues_pillars
D:6:      layout_basic, nicolae_overflow_hidden_temple, marbit_many_paths,
          gup_sewer_entry_bowl, minmay_misc_feat_more_columns,
          nicolae_tso_besieged_by_evil
D:7:      layout_cave_pods, grunt_temple_overflow_octagram
D:8:      layout_cave_pools, gup_ossuary_entry_pyramid, serial_shops,
          nicolae_shop_behind_doors, uniq_erica
D:9:      kennysheep_blocky_hall, layout_irregular_city,
          chequers_temple_overflow_statue_of_worship,
          due_lair_maze_entry_diamond, serial_shops, nicolae_shop_behind_doors,
          uniq_maggie, uniq_gastronok
D:10:     layout_basic, serial_shops, shop_fountains, uniq_josephine
D:11:     layout_cross, nicolae_trove_entry_path_of_doom,
          grunt_dithmenos_shadows
Temple:   compressed_dpeg_circular_temple

Skill      XL: |  1  2  3  4  5  6  7  8  9 10 11 |
---------------+----------------------------------+-----
Long Blades    | 2 3 4 5 7 8 10 11 | 11.2
Armour         | 3 4 5 6 7 |  7.4
Shields        | 3 4 5 6 8 9 |  9.4
Dodging        | 1 2 3 |  3.9
Fighting       | 4 5 6 7 |  7.4
Stealth        | 1 |  1.1
Invocations    | |  0.9

Action                   |  1- 3 |  4- 6 |  7- 9 | 10-12 || total
-------------------------+-------+-------+-------+-------++-------
Melee: Long sword        |   104 |   188 |   325 |   264 ||   881
       Kick              |     7 |    49 |    90 |   146 ||   292
       Short sword       |       |     9 |       |       ||     9
Invok: Heroism           |       |       |       |     3 ||     3
  Use: Potion            |     1 |     5 |     1 |     1 ||     8
       Scroll            |     1 |       |     7 |     1 ||     9
Armor: Scale mail        |    11 |       |       |       ||    11
       Chain mail        |    85 |   111 |   247 |   146 ||   589
Dodge: Dodged            |    29 |    41 |    94 |   120 ||   284
Block: Kite shield       |    49 |    95 |   223 |   191 ||   558
       Rpst.: Long sword |     6 |    11 |    27 |    31 ||    75

Table legend: (Time is in decaauts)
 A = Elapsed time spent in this place.
 B = Non-inter-level travel time spent in this place.
 C = Inter-level travel time spent in this place.
 D = Time resting spent in this place.
 E = Time spent auto-exploring this place.
 F = Levels seen in this place.
 G = Mean time per level.
                   A        B        C        D        E       F      G
               +--------+--------+--------+--------+--------+-----+--------+
         Total |  10049 |   9683 |    366 |    292 |   6447 |  14 |  717.8 |
       Dungeon |   8965 |   8599 |    366 |    292 |   5890 |  11 |  815.0 |
        Temple |     68 |     68 |      0 |      0 |      3 |   1 |   68.0 |
         Sewer |    739 |    739 |      0 |      0 |    427 |   1 |  739.0 |
       Ossuary |    275 |    275 |      0 |      0 |    127 |   1 |  275.0 |
               +--------+--------+--------+--------+--------+-----+--------+

Top non-repeatable levels by time:
     D:1: 1245 daAuts
     D:9: 955 daAuts
     D:4: 948 daAuts
     D:7: 947 daAuts
    D:10: 935 daAuts
     D:6: 913 daAuts
     D:5: 899 daAuts
     D:3: 874 daAuts
     D:8: 798 daAuts
   Sewer: 739 daAuts
     D:2: 425 daAuts
 Ossuary: 275 daAuts
  Temple: 68 daAuts
    D:11: 22 daAuts
